 Dungeon Crawl Stone Soup version 0.22-a0-612-gd2f0174 (webtiles) character file.

37 digijack the Chopper (level 3, 0/33 HPs)
             Began as a Hill Orc Monk on July 11, 2018.
             Slain by Robin
             ... wielding a +0 club
              (2 damage)
             ... on level 2 of the Dungeon.
             The game lasted 00:05:56 (1090 turns).

digijack the Chopper (Hill Orc Monk)                Turns: 1090, Time: 00:05:57

Health: 0/33       AC:  3    Str: 14    XL:     3   Next: 39%
Magic:  3/3        EV:  8    Int: 10    God:
Gold:   83         SH: 13    Dex: 19    Spells: 2/2 levels left

rFire    . . .     SeeInvis .   f - +0 spear (curse)
rCold    . . .     Gourm    .   d - +2 large shield
rNeg     . . .     Faith    .   g - +0 leather armour
rPois    .         Spirit   .   (no helmet)
rElec    .         Reflect  .   (no cloak)
rCorr    .         Harm     .   (no gloves)
MR       .....                  (no boots)
Stlth    ++........             (no amulet)
HPRegen  0.11/turn              e - +6 ring of dexterity
MPRegen  0.08/turn              (no ring)

@: no status effects
A: no striking features
a: no special abilities


You were on level 2 of the Dungeon.
You were hungry.

You visited 1 branch of the dungeon, and saw 2 of its levels.

You collected 83 gold pieces.

Inventory:

Hand Weapons
 a - a +0 hand axe
 f - a cursed +0 spear (weapon)
Armour
 d - a +2 large shield (worn)
 g - a +0 leather armour (worn)
Jewellery
 e - a +6 ring of dexterity (left hand)
 i - an uncursed ring of fire
Scrolls
 b - a scroll of identify
Comestibles
 c - a ration
 h - a chunk of flesh


   Skills:
 + Level 4.1 Fighting
 + Level 4.5(4.6) Axes
 + Level 0.9(2.5) Polearms
 + Level 1.3 Armour
 - Level 2.4 Dodging
 - Level 1.5 Stealth
 + Level 0.6 Shields


You had 2 spell levels left.
You didn't know any spells.
Your spell library was empty.

Dungeon Overview and Level Annotations

Branches:
Dungeon (2/15)

Altars:

Annotations:
D:2 Robin


Message History

You hit Robin.
Robin is severely wounded.
You block Robin's attack. Robin hits you with a club.
* * * LOW HITPOINT WARNING * * *
You barely miss Robin.
Robin is severely wounded.
You block Robin's attack.
You closely miss Robin.
Robin is heavily wounded.
Robin hits you with a club.
* * * LOW HITPOINT WARNING * * *
A giant cockroach comes into view.
Found an escape hatch in the ceiling.
Attack whom?
Press: ? - help, Dir - move target cursor, f - Robin
Aim: Robin, wielding a club, wearing an animal skin and wearing a helmet (heavily wounded)
You reach to attack!
You closely miss Robin.
Robin is heavily wounded.
Robin hits you with a club.
You die...

### #.##.# ..#
#.##K# #
#.#####.##r#
#.#.#.K.#.##.#
###.#.#.....##.#
#.....K........#
#...#r##.#######
... #g##.# #
#@##.#
........##s#
....<#####.#
.... #.# ### #.#
..#


You could see Robin, a kobold and a rat.

Vanquished Creatures
  2 dart slugs (D:1)
  2 leopard geckos
  7 goblins (D:2)
  8 hobgoblins
  2 bats
  2 frilled lizards (D:1)
  A kobold (D:1)
  3 rats (D:1)
27 creatures vanquished.

Notes
Turn   | Place    | Note
-------+----------+-------------------------------------------
     0 | D:1      | digijack the Hill Orc Monk began the quest for the Orb.
     0 | D:1      | Reached XP level 1. HP: 19/19 MP: 1/1
   244 | D:1      | Reached XP level 2. HP: 24/27 MP: 2/2
   382 | D:1      | Reached skill level 1 in Armour
   994 | D:2      | Noticed Robin
   997 | D:2      | Reached XP level 3. HP: 33/33 MP: 3/3
  1054 | D:2      | HP: 1/33 [Robin/club (2)]
  1078 | D:2      | HP: 1/33 [Robin/club (2)]
  1090 | D:2      | Slain by Robin

Vault maps used:
D:1:      minmay_arrival_cross
D:2:      chequers_ecumenical_altar_grove, uniq_jessica, uniq_robin

Skill      XL: |  1  2 |
---------------+-------+-----
Armour         | 1 |  1.3
Fighting       | 4 |  4.1
Axes           | |  4.5
Polearms       | |  0.9
Dodging        | |  2.4
Stealth        | |  1.5
Shields        | |  0.6

Action                   || total
-------------------------++-------
Melee: Hand axe          ||    37
       Spear             ||    90
  Use: Scroll            ||     4
 Stab: Sleeping          ||     2
Armor: Robe              ||     5
       Leather armour    ||    16
Dodge: Dodged            ||    38
Block: Large shield      ||    58

Table legend:
 A = Spawn XP
 B = Non-spawn XP
 C = Spawn XP percentage of total XP
 D = Spawn monster count
 E = Non-spawn monster count
 F = Spawn count percentage of total count
 G = Total turns spent on level
                    A         B        C        D         E        F      G
               +---------+---------+-------+---------+---------+-------+---------
         Total |       0 |      53 |   0.0 |       0 |      27 |   0.0 |  1090
               +---------+---------+-------+---------+---------+-------+---------
           D:1 |       0 |      24 |   0.0 |       0 |      13 |   0.0 |   927
           D:2 |       0 |      29 |   0.0 |       0 |      14 |   0.0 |   163
               +---------+---------+-------+---------+---------+-------+---------
